 Dungeon Crawl Stone Soup version 0.29-a0-653-gd47aff6735 (webtiles) character file.

Game seed: 7998809585681085146

76 happo123 the Gusty (level 4, -1/24 HPs)
             Began as a Tengu Air Elementalist on June 21, 2022.
             Slain by a gnoll
             ... wielding a +0 spear
              (5 damage)
             ... on level 2 of the Dungeon.
             The game lasted 00:11:56 (1694 turns).

happo123 the Gusty (Tengu Air Elementalist)         Turns: 1694, Time: 00:11:57

Health: -1/24      AC:  2    Str:  8    XL:     4   Next: 32%
Magic:  5/8        EV: 12    Int: 18    God:
Gold:   49         SH:  0    Dex: 14    Spells: 1/7 levels left

rFire   . . .      SeeInvis +   c - +0 short sword
rCold   . . .      Faith    .   (no shield)
rNeg    . . .      Spirit   .   a - +0 robe
rPois   .          Reflect  .   (helmet restricted)
rElec   .          Harm     .   (no cloak)
rCorr   .          Rampage  .   (no gloves)
Will    .....                   (boots unavailable)
Stlth   ++........              (no amulet)
HPRegen 0.08/turn               i - ring of see invisible
MPRegen 0.11/turn               (no ring)

@: no status effects
A: beak, talons 3
a: no special abilities


You were on level 2 of the Dungeon.
You visited 1 branch of the dungeon, and saw 2 of its levels.

You collected 49 gold pieces.

Inventory:

Hand Weapons
 c - a +0 short sword (weapon)
Armour
 a - a +0 robe (worn)
Jewellery
 i - a ring of see invisible (left hand)
Scrolls
 e - 3 scrolls of identify {unknown}
 h - a scroll of teleportation {unknown}
 j - a scroll of enchant armour {unknown}
 k - 2 scrolls of amnesia {unknown}
Potions
 b - a potion of magic
 d - 3 potions of curing {unknown}
 f - a potion of mutation {unknown}
 g - a potion of ambrosia {unknown}


   Skills:
 + Level 0.9 Fighting
 + Level 2.5 Dodging
 + Level 2.4 Stealth
 + Level 2.3 Spellcasting
 * Level 3.1 Conjurations
 * Level 4.8 Air Magic


You had one spell level left.
You knew the following spells:

 Your Spells              Type           Power      Damage    Failure   Level
a - Shock                 Conj/Air       64%        1d7       3%          1
b - Static Discharge      Conj/Air       16%        N/A       5%          2
c - Swiftness             Air            19%        N/A       8%          3

Your spell library contained the following spells:

 Spells                   Type           Power      Damage    Failure   Level
 Airstrike                Air            9%         N/A       24%         4


Dungeon Overview and Level Annotations

Branches:
Dungeon (2/15)

Altars:


Innate Abilities, Weirdness & Mutations

You have a beak for a mouth.
You have claws for feet.


Message History

Your peck misses the quokka.
The quokka is heavily wounded.
The quokka bites you but does no damage.
You hit the quokka. Your peck misses the quokka.
The quokka is severely wounded.
The quokka misses you.
The quokka bites you but does no damage.
Casting: Shock (safe; 3% risk of failure)
Confirm with . or Enter, or press ? or * to list all spells.
The quokka is struck by an arc of lightning.
You kill the quokka!
You are struck by an arc of lightning.
The lightning grounds out.
You start resting.
Magic restored.
As you open the door, it creaks loudly!
A gnoll comes into view. It is wielding a +0 flail.
The gnoll shouts!
You hear a shout!
A gnoll comes into view. It is wielding a +0 spear.
Found a scroll labelled GEVE RAUQOALODGH.
Aiming: Shock (safe; 3% risk of failure)
Press: ? - help, Q - select action, (/) - cycle Shift-Dir - straight line
Okay, then.
Aiming: Shock (safe; 3% risk of failure)
Press: ? - help, Q - select action, (/) - cycle Shift-Dir - straight line The zap hits the gnoll.
The gnoll is moderately wounded.
The zap misses the gnoll.
The zap hits the gnoll.
The gnoll is moderately wounded.
The gnoll hits you with a +0 flail!
* * * LOW HITPOINT WARNING * * *
The gnoll misses you.
Casting: Shock (safe; 3% risk of failure)
Confirm with . or Enter, or press ? or * to list all spells.
The gnoll is struck by an arc of lightning.
The gnoll is heavily wounded.
You are struck by an arc of lightning.
* * * LOW HITPOINT WARNING * * *
The lightning grounds out.
The gnoll misses you.
The gnoll hits you from afar with a +0 spear.
You die...

#####...§P... ####...##
.......P§P♣.. +.......#
#####.♣.♣≈§.. ♣###...##
#.§.P§♣ ♣♣.♣ +# ##.##
#.♣♣♣.♣♣..♣# .## #.#
#........♣.# ?. ♣♣## #.####
#.P..♣♣♣♣P.##g##♣..# #....#
#..♣♣.......#g#....# ####.#
#.#...♣♣♣.♣♣@#♣♣♣..######.#
#.##....♣.♣.....♣.......#.#
#.##...♣.P.♣..P♣..#####.#.#
#..♣P♣♣♣.♣...♣♣♣P.# #.#.#
#.♣.P.P♣..♣♣..♣♣P.#####.#.#
#.P.♣.♣.P...♣.♣♣§§#>......#
#..♣.P...♣...§..§♣#.###.###
#..♣.P.♣...♣P§§♣§♣......#
##..♣♣♣♣♣..♣♣♣♣♣♣.#######


You could see 2 gnolls.

Vanquished Creatures
  3 adders (D:2)
  5 bats
  2 endoplasms
  A giant cockroach (D:1)
  8 goblins
  4 hobgoblins
  4 kobolds (D:1)
  5 quokkas
  5 ball pythons
  7 frilled lizards (D:1)
  2 rats
46 creatures vanquished.

Vanquished Creatures (others)
  A demonic plant (D:1)
  A fungus (D:1)
  21 plants
23 creatures vanquished.

Grand Total: 69 creatures vanquished

Notes
Turn   | Place    | Note
-------+----------+-------------------------------------------
     0 | D:1      | happo123 the Tengu Air Elementalist began the quest for the
                  | Orb.
     0 | D:1      | Reached XP level 1. HP: 10/10 MP: 4/4
    32 | D:1      | Found a faded altar of an unknown god.
   215 | D:1      | Reached XP level 2. HP: 14/15 MP: 1/6
   285 | D:1      | Learned a level 2 spell: Static Discharge
   488 | D:1      | Reached XP level 3. HP: 10/20 MP: 0/7
   492 | D:1      | Learned a level 3 spell: Swiftness
  1222 | D:2      | Reached XP level 4. HP: 2/24 MP: 3/8
  1694 | D:2      | Slain by a gnoll

Illustrated notes

Levels and vault maps discovered:
D:1:      shiori_shiawase, layout_basic, shapermc_ecumenical_altar_gd,
          minmay_lizard_pond
D:2:      wad_woods_tower, layout_loops_corners, corner_web_ring, uniq_terence

Skill      XL: |  1  2  3 |
---------------+----------+-----
Conjurations   | 2 3 |  3.1
Fighting       | |  0.9
Dodging        | |  2.5
Stealth        | |  2.4
Spellcasting   | |  2.3
Air Magic      | |  4.8

Action                   |  1- 3 |  4- 6 || total
-------------------------+-------+-------++-------
Melee: Short sword       |    31 |     8 ||    39
       Peck              |     6 |       ||     6
       Kick              |     8 |       ||     8
 Cast: Shock             |    38 |     1 ||    39
       Static Discharge  |     6 |     5 ||    11
 Stab: Sleeping          |     7 |     1 ||     8
Armor: Robe              |     8 |     3 ||    11
Dodge: Dodged            |    28 |     8 ||    36

Table legend: (Time is in decaauts)
 A = Elapsed time spent in this place.
 B = Non-inter-level travel time spent in this place.
 C = Inter-level travel time spent in this place.
 D = Time resting spent in this place.
 E = Time spent auto-exploring this place.
 F = Levels seen in this place.
 G = Mean time per level.
                   A        B        C        D        E       F      G
               +--------+--------+--------+--------+--------+-----+--------+
         Total |   1697 |   1001 |    696 |    319 |    250 |   2 |  848.5 |
       Dungeon |   1697 |   1001 |    696 |    319 |    250 |   2 |  848.5 |
               +--------+--------+--------+--------+--------+-----+--------+

Top non-repeatable levels by time:
     D:2: 864 daAuts
     D:1: 833 daAuts
